[Event "Berliner Meisterschaft 2023"]
[Site "Berlin"]
[Date "2023.04.16"]
[Round "9.2"]
[White "Bruedigam, Martin"]
[Black "Schmidek, Emil"]
[Result "0-1"]
[TimeControl "90 minutes / 40 moves + 30 minutes + 30 seconds"]
[WhiteTitle "IM"]
[BlackTitle "IM"]
[WhiteFideId "24608033"]
[BlackFideId "12908150"]
[WhiteElo "2378"]
[BlackElo "2433"]

1. d4 d5 2. c4 e6 3. Nc3 a6 4. cxd5 exd5 5. Nf3 Nf6 6. Bg5 Be6 7. Bxf6 Qxf6 8. Qb3 Ra7 9. g3 Qd8 10.
h4 h6 11. Bh3 Bd6 12. Kf1 O-O 13. Kg2 b5 14. Rae1 c6 15. e4 dxe4 16. Bxe6 exf3+ 17. Kg1 fxe6 18. Rxe6 Kh8 19. Ne4 Rd7 20.
Ng5 Rf6 21. Qd3 g6 22. Qe3 Rxe6 23. Nxe6 Qf6 24. Qxh6+ Rh7 25. Qe3 Re7 26. Qh6+ Rh7 27. Qe3 Re7 28. Qh6+ Kg8 29. Ng5 Re1+ 30.
Kh2 Rxh1+ 31. Kxh1 Qg7 32. Qxg7+ Kxg7 33. Nxf3 Kf6 34. Ng5 Kf5 35. Kg2 Be7 36. Nh3 Bf6 37. Kf3 Bxd4 38. b3 Nd7 39.
g4+ Kf6 40. Ke4 Bb6 41. f4 Nc5+ 42. Kf3 Nd3 43. Ng5 Nc1 44. Ne4+ Kg7 45. f5 gxf5 46. gxf5 Bd8 47. h5 Nd3 48.
Ke3 Ne5 49. a4 Nd7 50. axb5 axb5 51. Kd3 Kh6 52. Ng3 Bc7 53. Ne2 Be5 54. Ke4 Bf6 55. b4 Kxh5 0-1

[Event "Berliner Meisterschaft 2023"]
[Site "Berlin"]
[Date "2023.04.16"]
[Round "9.3"]
[White "von Herman, Ulf"]
[Black "Glek, Igor"]
[Result "1-0"]
[TimeControl "90 minutes / 40 moves + 30 minutes + 30 seconds"]
[WhiteTitle "IM"]
[BlackTitle "GM"]
[WhiteFideId "4608500"]
[BlackFideId "4100484"]
[WhiteElo "2332"]
[BlackElo "2443"]

1. c4 e5 2. g3 c6 3. d4 e4 4. Nc3 Nf6 5. Bg5 Bb4 6. Qb3 Bxc3+ 7. Qxc3 O-O 8. d5 cxd5 9. Bxf6 Qxf6 10.
Qxf6 gxf6 11. cxd5 d6 12. Nh3 Bf5 13.
Nf4 Rc8 14. Kd2 e3+ 15. Kxe3 Rc2 16. Bh3 Bxh3 17. Nxh3 Nd7 18. Nf4 Rac8 19. b3 Ne5 20. f3 Ng6 21. Rhe1 Nxf4 22. gxf4 Rb2 23.
Ke4 Rd2 24. Rad1 Re8+ 25. Kf5 Rxa2 26. Kxf6 Kf8 27. Rc1 Raxe2 28. Rxe2 Rxe2 29. Rc7 Ke8 30. Rxf7 Rxh2 31. Rxb7 Rh6+ 32.
Kg5 Rh3 33. Rxa7 Rxf3 34. b4 Rd3 35. Kf5 Rd4 36. b5 Kd8 37. Ke6 Rxf4 38. Rxh7 Kc8 39. b6 Rb4 40. b7+ Kb8 41. Kxd6 Rb6+ 42.
Kc5 Rb1 43. d6 Rc1+ 44. Kd5 Rd1+ 45. Ke5 Re1+ 46. Kf4 Rf1+ 47. Ke5 Re1+ 48. Kf6 Rf1+ 49. Ke6 Re1+ 50. Kd7 Rg1 51. Rh5 Rb1 52.
Kc6 Rb6+ 53. Kc5 Rb1 54. Rh8+ Kxb7 55. d7 Rc1+ 56. Kb4 1-0

[Event "Berliner Meisterschaft 2023"]
[Site "Berlin"]
[Date "2023.04.16"]
[Round "9.4"]
[White "Hesse, Henrik"]
[Black "Lagunow, Raphael"]
[Result "0-1"]
[TimeControl "90 minutes / 40 moves + 30 minutes + 30 seconds"]
[BlackTitle "IM"]
[WhiteFideId "12956465"]
[BlackFideId "246552644"]
[WhiteElo "2197"]
[BlackElo "2410"]

1. c4 e5 2. g3 c6 3. d4 e4 4. d5 Bb4+ 5. Bd2 Qe7 6. Bxb4 Qxb4+ 7. Qd2 Qxc4 8. Nc3 Nf6 9. Rc1 O-O 10.
e3 Qb4 11. a3 Qd6 12. Bg2 Re8 13. Nge2 Na6 14. O-O Nc7 15. Rfd1 Qe5 16. d6 Ne6 17. Nf4 b6 18. Qc2 Ng5 19.
h4 Nf3+ 20. Bxf3 exf3 21. e4 Bb7 22. Nd3 Qe6 23. e5 Ng4 24. Re1 Qf5 25. Re4 c5 26. Rf4 Qg6 27. Nb5 Nxe5 28. Nxe5 Qxc2 29. Rxc2 Rxe5 30. Nc7 Rf8 31.
b4 Re1+ 32. Kh2 Be4 33. Rc3 f5 34. bxc5 bxc5 35. Rxc5 Rf1 36. Nd5 Rxf2+ 37. Kh3 g6 38. Ne7+ Kf7 39. Re5 Bd3 40. g4 Kf6 41.
Re3 Bc2 42. g5+ Kg7 43. Rexf3 Rxf3+ 44. Rxf3 f4 45. Rf2 Be4 46. Kg4 f3 47. Kg3 Ba8 48. Rc2 Kf7 49. Nc8 Ke6 50.
Nxa7 Kxd6 51. Nc8+ Ke5 52. Nb6 Bc6 53. Kf2 Rf4 54. Rc5+ Kd6 55. Rc4 Rf5 56. Rc3 Ke6 57. a4 Re5 58.
Re3 Rxe3 59. Kxe3 Kf5 60. a5 Kg4 61. Kf2 Kxh4 62. a6 Kxg5 63. a7 Kf4 64. Nxd7 g5 65. Nc5 g4 66. Ne6+ Ke5 67.
Ng7 Kf6 68. Ne8+ Kg5 69. Ng7 h5 70. Ne6+ Kf6 71. Nd4 Bb7 72. Nb5 h4 73. Nd6 g3+ 74. Ke3 Bc6 75. Ne4+ Ke5 76. Nd2 f2 77. Nf1 g2 78. Kxf2 gxf1=Q+ 79. Kxf1 Kf4 80. Kf2 h3 81. Kg1 Kg3 82. Kf1 h2 0-1

[Event "Berliner Meisterschaft 2023"]
[Site "Berlin"]
[Date "2023.04.16"]
[Round "9.5"]
[White "Georg, Tscheuschner"]
[Black "Glantz, Robert"]
[Result "1/2-1/2"]
[TimeControl "90 minutes / 40 moves + 30 minutes + 30 seconds"]
[BlackTitle "FM"]
[WhiteFideId "12935549"]
[BlackFideId "24629596"]
[WhiteElo "2185"]
[BlackElo "2360"]

1. Nf3 Nf6 2. c4 b6 3. Nc3 Bb7 4. d4 e6 5. a3 g6 6. Qc2 Bg7 7. e4 d6 8. Bd3 Nbd7 9. O-O O-O 10.
b4 Nh5 11. Re1 e5 12. Be3 exd4 13. Nxd4 Ne5 14. Be2 c5 15. bxc5 bxc5 16. Nf3 Ng4 17. Bg5 f6 18. Bd2 f5 19.
Rab1 Bc6 20. Bg5 Qd7 21. exf5 Rxf5 22. Bd3 Rxf3 23. gxf3 Ne5 24. Rxe5 Bxe5 25. Be4 Qh3 26. f4 Bxe4 27.
Qxe4 Re8 28. Nd5 Qg4+ 29. Kh1 Rf8 30. Rg1 Qh3 31. Qe3 Qxe3 32. fxe3 Bf6 33. Rb1 Kg7 34. Rb7+ Kg8 35. Rxa7 Bxg5 36. fxg5 Rf1+ 37. Kg2 Rc1 38.
a4 Rxc4 39. a5 Rg4+ 40. Kf3 Rxg5 41. Ne7+ Kf8 42. a6 c4 43. Nc6 Rg1 44. Rc7 Ke8 45. a7 Ra1 46. Re7+ Kf8 47. Rd7 c3 48.
Rd8+ Kg7 49. a8=Q Rf1+ 50. Ke2 c2 51. Rd7+ Kh6 52. Ne7 Re1+ 53. Kxe1 c1=Q+ 54. Ke2 Qc2+ 55. Ke1 Qc1+ 56. Ke2 Qc2+ 1/2-1/2

[Event "Berliner Meisterschaft 2023"]
[Site "Berlin"]
[Date "2023.04.16"]
[Round "9.6"]
[White "Richter, Michael"]
[Black "Noeldner, Julian"]
[Result "1/2-1/2"]
[TimeControl "90 minutes / 40 moves + 30 minutes + 30 seconds"]
[WhiteTitle "GM"]
[WhiteFideId "4618920"]
[BlackFideId "16218744"]
[WhiteElo "2465"]
[BlackElo "2121"]

1. d4 Nf6 2. c4 g6 3. Nc3 d5 4. cxd5 Nxd5 5. Bd2 Bg7 6. e4 Nxc3 7. Bxc3 O-O 8. Be2 c5 9. d5 Bxc3+ 10. bxc3 Qd6 11. Nf3 Bg4 12. Nd2 Bxe2 13. Qxe2 e6 14. Nc4 Qa6 15. Ne3 exd5 16. exd5 Qxe2+ 17. Kxe2 Nd7 18. Rab1 Rab8 19.
a4 Nf6 20. Rb2 Rfd8 21. Rd1 Ne4 22. Kd3 Nd6 23. Nc4 b5 24. axb5 Rxb5 25. Rxb5 Nxb5 26. Ne3 f5 27. g3 a6 28.
c4 Nd4 29. Rb1 a5 30. Nc2 Nf3 31. h4 Ne5+ 32. Kc3 Ng4 33. f3 Ne5 34. Ne1 a4 35. Nd3 Nxd3 36. Kxd3 a3 37. Kc2 Ra8 38.
Kb3 Rb8+ 39. Ka2 Rb4 40. Rc1 Ra4 41. Kb3 Rb4+ 42. Kxa3 Kf7 43. Rc3 Ke7 44. f4 Kd6 45. Rc2 Kc7 46.
Rc3 Kd6 47. Rc2 Kc7 48. Rc3 Kd6 49. Rc2 1/2-1/2

[Event "Berliner Meisterschaft 2023"]
[Site "Berlin"]
[Date "2023.04.16"]
[Round "9.7"]
[White "Eilenberg, Jonas"]
[Black "Poltorak, Sebastian"]
[Result "1/2-1/2"]
[TimeControl "90 minutes / 40 moves + 30 minutes + 30 seconds"]
[BlackTitle "FM"]
[WhiteFideId "16204271"]
[BlackFideId "1199498"]
[WhiteElo "2227"]
[BlackElo "2368"]

1. d4 Nf6 2. c4 g6 3. Nc3 d5 4. Nf3 Bg7 5. Bg5 Ne4 6. Bf4 Nxc3 7. bxc3 O-O 8. e3 c5 9. cxd5 cxd4 10.
cxd4 Qxd5 11. Be2 Qa5+ 12. Qd2 Nc6 13. Qxa5 Nxa5 14. h4 Be6 15. h5 Rfc8 16. h6 Bf8 17. e4 f6 18. d5 Bd7 19.
Nd4 Nc4 20. Rb1 b6 21. Bd3 Nd6 22. Kd2 Kf7 23. f3 e5 24. dxe6+ Bxe6 25. Nxe6 Kxe6 26. Rbc1 Rc5 27. Rxc5 bxc5 28.
Re1 c4 29. Bf1 Rd8 30. Kc2 g5 1/2-1/2

[Event "Berliner Meisterschaft 2023"]
[Site "Berlin"]
[Date "2023.04.16"]
[Round "9.8"]
[White "Haug, Havard"]
[Black "Foerster, Jonas"]
[Result "1/2-1/2"]
[TimeControl "90 minutes / 40 moves + 30 minutes + 30 seconds"]
[WhiteFideId "1547887"]
[BlackFideId "4640098"]
[WhiteElo "2090"]
[BlackElo "2295"]

1. e4 e6 2. d3 c5 3. Nf3 Nc6 4.
g3 g6 5.
Bg5 Qb6 6. Nbd2 d5 7. exd5 exd5 8. Qe2+ Be6 9. Bh3 Nb4 10. O-O Ne7 11. Bxe6 Qxe6 12. Qd1 f6 13. Re1 Qf5 14. Bf4 O-O-O 15. Nb3 Nec6 16. a3 Na6 17.
Qe2 g5 18. Bd2 Bd6 19. Qe6+ Qxe6 20. Rxe6 Rhf8 1/2-1/2